 Dungeon Crawl Stone Soup version 0.17.1-3-g152610e (webtiles) character file.

1557 Shtopit the Ruffian (level 8, -3/79 HPs)
             Began as a Troll Monk on Apr 23, 2016.
             Slain by Menkaure (20 damage)
             ... on level 6 of the Dungeon.
             The game lasted 00:15:38 (4776 turns).

Shtopit the Ruffian (Troll Monk)                    Turns: 4776, Time: 00:15:38

Health: -3/79      AC:  8    Str: 20    XL:     8   Next: 58%
Magic:  7/7        EV: 12    Int:  6    God:
Gold:   251        SH:  0    Dex: 14    Spells: 0 memorised, 7 levels left

rFire  . . .     SeeInvis .       - Unarmed
rCold  . . .     Clarity  .     a - +0 robe
rNeg   . . .     SustAt   .     (no shield)
rPois  .         Gourm    +     (helmet restricted)
rElec  .         Spirit   .     s - +1 cloak
rCorr  .         Warding  .     (gloves unavailable)
rMut   .         Stasis   .     (boots unavailable)
MR     .....                    (no amulet)
Stlth  ++........               (no ring)
                                p - +1 ring of protection

@: not resistant to hostile enchantments, unstealthy
A: unfitting armour, claws 3, fast metabolism 3, gourmand, regeneration 2,
shaggy fur 1, tough skin 2
a: no special abilities


You were on level 6 of the Dungeon.
You were not hungry.

You visited 1 branch of the dungeon, and saw 6 of its levels.

You collected 251 gold pieces.

Inventory:

Hand Weapons
 c - a +2 antimagic flail
Missiles
 u - 62 stones (quivered)
Armour
 a - a +0 robe (worn)
 s - a +1 cloak (worn)
Jewellery
 e - an uncursed ring of fire
 l - a cursed ring of teleportation
 p - a +1 ring of protection (left claw)
Wands
 g - a wand of frost (19)
 v - a wand of enslavement (11)
 x - a wand of random effects (21)
Scrolls
 d - a scroll of teleportation
 j - a scroll of identify
 m - a scroll of remove curse
 n - 2 scrolls of amnesia
 q - a scroll of fog {unknown}
Potions
 h - 2 potions of curing
 i - a potion of heal wounds
 o - 2 potions of mutation {unknown}
 r - a potion of invisibility {unknown}
 t - a potion of ambrosia {unknown}
Comestibles
 b - 5 bread rations
 f - 2 meat rations
 w - a beef jerky


   Skills:
 + Level 4.4 Fighting
 * Level 3.9 Armour
 + Level 5.0 Dodging
 + Level 2.4 Stealth
 + Level 7.1 Unarmed Combat


You had 7 spell levels left.
You didn't know any spells.

Dungeon Overview and Level Annotations

Branches:
Dungeon (6/15)
 Temple: D:4-7

Altars:
Fedhas
Gozag
Nemelex Xobeh
Okawaru
Qazlal
Sif Muna
Vehumet
Yredelemnul
Zin

Annotations:
D:6 Menkaure


Innate Abilities, Weirdness & Mutations

You are too large for most types of armour.
You have claws for hands.
Your metabolism is lightning-fast.
You like to eat raw meat.
You heal very quickly.
You are covered in fur (AC +1).
You have very tough skin (AC +2).


Message History

The orc wizard convulses!
The orc shouts!
The orc wizard casts a spell at you. The puff of flame hits you!
* * * LOW HITPOINT WARNING * * *
Read which item? (? for menu, Esc to quit)
As you read the scroll of fear, it crumbles to dust.
You assume a fearsome visage.
Menkaure is unaffected.
The hound skeleton is unaffected.
The orc looks frightened!
The orc wizard looks frightened!
The orc looks frightened!
The hound skeleton bites you.
* * * LOW HITPOINT WARNING * * *
The orc wizard gestures wildly while chanting.
The orc wizard flickers and vanishes!
Deactivating autopickup; reactivate with Ctrl-A.
The hound skeleton closely misses you. Menkaure completely misses you.
The hound skeleton bites you but does no damage.
Menkaure hits you!!
You die...

.. ....# #...##..#
...##...###......#
..#....#...##.#.#
#+............#.#
...#...#.o.....#
#.##.##.#...#.#
#...(.{.##.##.###
#.###.Z.#.........#
#......@#.####...##
##.....M..........#####
#.......o............#
.................###.###
........#######'####.# #
.......##..........#.###
....... +...............
....<.? #..........#..##
.##+## #######.##.#..##


You could see Menkaure, 2 orcs and a hound skeleton.

Vanquished Creatures
  Sigmund (D:2)
  Edmund (D:4)
  A sky beast (D:5)
  2 phantoms
  The ghost of Keyn the Skirmisher, an amateur DsAK of Lugonu (D:4)
  A centaur (D:5)
  3 ogres (D:4)
  A gnoll sergeant (D:5)
  2 scorpions (D:5)
  2 orc priests (D:3)
  2 crimson imps
  Crazy Yiuf (D:3)
  A hound (D:4)
  A worker ant (D:4)
  Robin (D:4)
  6 adders
  5 gnolls (D:5)
  A shadow imp (D:4)
  4 worms
  An adder skeleton (D:5)
  4 orcs
  A ball python (D:2)
  6 bats
  17 goblins
  13 hobgoblins
  4 jackals (D:1)
  4 quokkas
  6 giant cockroaches
  6 giant geckos
  A giant gecko zombie (D:5)
  3 giant newts
  5 rats
108 creatures vanquished.

Vanquished Creatures (others)
  A bush (D:5)
1 creature vanquished.

Grand Total: 109 creatures vanquished

Notes
Turn   | Place    | Note
--------------------------------------------------------------
     0 | D:1      | Shtopit the Troll Monk began the quest for the Orb.
     0 | D:1      | Reached XP level 1. HP: 22/22 MP: 0/0
   390 | D:1      | Reached XP level 2. HP: 29/29 MP: 1/1
   693 | D:2      | Reached XP level 3. HP: 36/36 MP: 2/2
   954 | D:2      | Found an iron altar of Okawaru.
  1145 | D:2      | Reached skill level 1 in Armour
  1162 | D:2      | Noticed Sigmund
  1170 | D:2      | Killed Sigmund
  1170 | D:2      | Reached skill level 5 in Unarmed Combat
  1170 | D:2      | Reached XP level 4. HP: 19/44 MP: 3/3
  1170 | D:2      | Reached XP level 5. HP: 22/52 MP: 4/4
  1242 | D:2      | Found a radiant altar of Vehumet.
  1242 | D:2      | Found a glowing silver altar of Zin.
  1389 | D:2      | Found a faded altar to an unknown god.
  1751 | D:3      | Reached XP level 6. HP: 52/61 MP: 5/5
  1893 | D:3      | Noticed Crazy Yiuf
  1900 | D:3      | Killed Crazy Yiuf
  2019 | D:3      | Found a blossoming altar of Fedhas.
  2293 | D:3      | Found a sparkling altar of Nemelex Xobeh.
  2517 | D:4      | Noticed Edmund
  2530 | D:4      | Noticed Keyn's ghost (amateur DsAK)
  2534 | D:4      | Killed Edmund
  2626 | D:4      | Killed Keyn's ghost
  2626 | D:4      | Reached XP level 7. HP: 61/67 MP: 6/6
  2768 | D:4      | Reached skill level 6 in Unarmed Combat
  2877 | D:4      | Noticed Robin
  2886 | D:4      | Killed Robin
  2973 | D:4      | Found an opulent altar of Gozag.
  3309 | D:4      | Found a deep blue altar of Sif Muna.
  3443 | D:5      | Entered Level 5 of the Dungeon
  3526 | D:5      | Reached XP level 8. HP: 45/78 MP: 7/7
  3766 | D:5      | Reached skill level 7 in Unarmed Combat
  3984 | D:5      | Found a stormy altar of Qazlal.
  4520 | D:5      | Found a basalt altar of Yredelemnul.
  4725 | D:6      | Reached skill level 5 in Dodging
  4760 | D:6      | Noticed Menkaure
  4776 | D:6      | Slain by Menkaure

Action                   |  1- 3 |  4- 6 |  7- 9 || total
-------------------------+-------+-------+-------++-------
Melee: Unarmed           |    78 |    98 |   149 ||   325
Throw: Stone             |       |       |     1 ||     1
  Use: Scroll            |       |    13 |     1 ||    14
       Potion            |       |     3 |       ||     3
 Stab: Sleeping          |     3 |     5 |     1 ||     9
       Distracted        |     1 |       |       ||     1
  Eat: Chunk             |    16 |     7 |    18 ||    41
